 Dungeon Crawl Stone Soup version 0.27-a0-61-g21144fbd99 (webtiles) character file.

Game seed: 1486329089429084634

2788 robertstho the Slinger (level 10, -6/118 HPs)
             Began as a Formicid Hunter on Jan 8, 2021.
             Was a Priest of Okawaru.
             Mangled by an orc warrior
             ... wielding a +0 halberd
              (11 damage)
             ... in a bailey.
             The game lasted 00:10:14 (6365 turns).

robertstho the Slinger (Formicid Hunter)            Turns: 6365, Time: 00:10:15

Health: -6/118     AC: 25    Str: 20    XL:     10   Next: 1%
Magic:  12/12      EV:  2    Int: 10    God:    Okawaru [***...]
Gold:   304        SH:  5    Dex: 12    Spells: 9/9 levels left

rFire    . . .     SeeInvis .   J - +2 hand axe (elec)
rCold    . . .     Faith    .   (no shield)
rNeg     + + +     Spirit   .   (armour currently unavailable)
rPois    +         Reflect  +   (helmet unavailable)
rElec    .         Harm     .   (cloak currently unavailable)
rCorr    .         Rampage  .   (gloves currently unavailable)
Will     +....                  (boots currently unavailable)
Stlth    +++.......             y - amulet of reflection
HPRegen  0.29/turn              F - +4 ring of slaying
MPRegen  0.13/turn              v - ring of positive energy

@: mighty, brilliant, tree-form
A: permanent stasis, dig shafts and tunnels, four strong arms
a: Renounce Religion, Heroism


You were in a bailey.
You worshipped Okawaru.
Okawaru was most pleased with you.
You were a tree.
You visited 2 branches of the dungeon, and saw 8 of its levels.
You also visited: Bailey.

You collected 304 gold pieces.

Inventory:

Hand Weapons
 a - a +1 hunting sling
 p - a +1 short sword of holy wrath
 t - a +2 quarterstaff of chaos
 J - a +2 hand axe of electrocution (weapon)
Missiles
 f - 162 stones (quivered)
 A - 17 sling bullets
Armour
 b - a +2 cloak (melded)
 h - a +2 pair of gloves of strength (melded)
 r - a +0 chain mail (melded)
Jewellery
 i - an uncursed ring of ice
 j - an uncursed ring of magical power
 k - a +6 ring of intelligence
 o - an uncursed amulet of guardian spirit
 q - a +6 ring of intelligence
 v - a ring of positive energy (right branch)
 w - an uncursed ring of fire
 y - an amulet of reflection (around neck)
 F - a +4 ring of slaying (left branch)
Wands
 d - a wand of random effects (15)
 B - a wand of polymorph (5)
 D - a wand of enslavement (11)
 H - a wand of iceblast (3)
Scrolls
 e - 4 scrolls of teleportation
 g - 8 scrolls of remove curse
 m - a scroll of amnesia
Potions
 l - a potion of brilliance
 u - 2 potions of might
 z - a potion of resistance


   Skills:
 * Level 7.3 Fighting
 + Level 0.4 Short Blades
 + Level 0.8 Staves
 + Level 10.5 Slings
 + Level 3.0 Armour
 + Level 2.4 Dodging
 * Level 6.7 Stealth
 * Level 3.2 Invocations


You had 9 spell levels left.
You didn't know any spells.
Your spell library contained the following spells:

 Spells                   Type           Power        Failure   Level
 Animate Skeleton         Necr           0%           36%         1
 Pain                     Necr           0%           36%         1
 Vampiric Draining        Necr           0%           75%         3
 Animate Dead             Necr           0%           98%         4
 Agony                    Necr           0%           100%        5


Dungeon Overview and Level Annotations

Branches:
Dungeon (7/15)             Temple (1/1) D:5          Bailey (1/1)

Altars:
Ashenzari
Dithmenos
Gozag
Hepliaklqana
Nemelex Xobeh
Okawaru
Qazlal
Uskayaw
Vehumet
Wu Jian
Xom
Yredelemnul
Zin
The Shining One

Shops:
D:7 *

Annotations:
D:4 3 runed translucent doors, Nietzsche's ghost, amateur DsGl


Innate Abilities, Weirdness & Mutations

You cannot be hasted, slowed, berserked, paralysed or teleported.
You can dig through walls and to a lower floor.
Your four strong arms can wield two-handed weapons with a shield.
((You have a pair of large antennae on your head. (SInv)))


Message History

It was a potion of lignification.
You turn into a tree.
Your +2 cloak melds into your body.
Your +2 pair of gloves of strength melds into your body.
Your +0 chain mail melds into your body.
You feel weaker.
Your roots penetrate the ground.
You block the orc warrior's attack.
Evoke which item? (* to show all) (? for menu, Esc to quit)
Aiming: Iceblast
Press: ? - help, Shift-Dir - straight line, f - orc warrior, p - orc warrior
Aim: an orc warrior, wielding a +0 halberd and wearing a +0 scale mail The mass of ice explodes!
The iceblast engulfs the orc warrior!
The orc warrior is heavily wounded.
The iceblast engulfs the orc warrior!!
The orc warrior is almost dead.
The iceblast engulfs the orc warrior!
The orc warrior is moderately wounded.
You hear a shout!
The orc warrior hits you but does no damage.
The orc warrior hits you from afar with a +0 halberd!
You die...

#### ##∩## ####
....##...##....
≈≈≈..#...#..≈≈≈
≈o≈≈.......≈≈{≈
oo≈.......≈o{ {
.o..... {


#ooo# #.∩.# ##♣## ### You could see 3 orc warriors and an orc.

Vanquished Creatures
  Pikel (D:5)
  Prince Ribbit (D:6)
  Grinder (D:3)
  Sigmund (D:3)
  An ice beast (D:5)
  An orc warrior (D:7)
  An ogre (D:4)
  2 necrophages
  4 centaurs
  4 lemures (D:5)
  A bullfrog (D:6)
  2 scorpions
  3 wights (D:5)
  2 orc priests
  A centaur skeleton (D:7)
  Crazy Yiuf (D:2)
  A bullfrog skeleton (D:5)
  4 hounds
  2 iguanas
  2 orc wizards
  3 worker ants
  A killer bee zombie (D:7)
  A hound zombie (D:6)
  A howler monkey zombie (D:6)
  A worker ant zombie (D:5)
  Robin (D:2)
  10 adders
  A shadow imp (D:5)
  2 white imps
  An ufetubus (D:7)
  2 oozes
  An adder skeleton (D:5)
  A dart slug (D:2)
  5 leopard geckos
  17 orcs
  3 ball pythons
  8 giant cockroaches
  19 goblins
  7 hobgoblins
  3 kobolds
  4 quokkas
  7 bats
  5 frilled lizards
  A leopard gecko zombie (D:5)
  A quokka skeleton (D:5)
  9 rats
151 creatures vanquished.

Notes
Turn   | Place    | Note
-------+----------+-------------------------------------------
     0 | D:1      | robertstho the Formicid Hunter began the quest for the Orb.
     0 | D:1      | Reached XP level 1. HP: 16/16 MP: 1/1
    87 | D:1      | Reached XP level 2. HP: 22/22 MP: 2/2
   255 | D:1      | Reached skill level 5 in Slings
   551 | D:1      | Reached XP level 3. HP: 28/28 MP: 3/3
  1395 | D:2      | Reached XP level 4. HP: 33/34 MP: 4/4
  1570 | D:2      | Noticed Robin
  1861 | D:2      | Killed Robin
  2055 | D:2      | Found a runed translucent door.
  2056 | D:2      | Noticed Crazy Yiuf
  2065 | D:2      | Killed Crazy Yiuf
  2066 | D:2      | Reached skill level 1 in Armour
  2066 | D:2      | Reached XP level 5. HP: 41/41 MP: 5/5
  2307 | D:3      | Reached skill level 6 in Slings
  2482 | D:3      | Found a hazy altar of Hepliaklqana.
  2512 | D:3      | Noticed Grinder
  2521 | D:3      | Killed Grinder
  2522 | D:3      | Reached XP level 6. HP: 43/48 MP: 4/6
  2591 | D:3      | Noticed Sigmund
  2621 | D:3      | Killed Sigmund
  2622 | D:3      | Reached skill level 7 in Slings
  2622 | D:3      | Reached XP level 7. HP: 16/54 MP: 5/7
  3387 | D:4      | Reached XP level 8. HP: 42/61 MP: 4/8
  3702 | D:4      | Reached skill level 8 in Slings
  3798 | D:4      | Found a runed translucent gate.
  3798 | D:4      | Found an opulent altar of Gozag.
  3799 | D:4      | Found a runed translucent gate.
  3800 | D:4      | Found a runed translucent gate.
  3801 | D:4      | Noticed Nietzsche's ghost (amateur DsGl)
  3865 | D:4      | Found a shadowy altar of Dithmenos.
  3961 | D:5      | Entered Level 5 of the Dungeon
  3981 | D:5      | Reached skill level 5 in Fighting
  4322 | D:5      | Found a staircase to the Ecumenical Temple.
  4346 | Temple   | Entered the Ecumenical Temple
  4447 | Temple   | Became a worshipper of Warmaster Okawaru
  4659 | D:5      | Noticed Pikel
  4910 | D:5      | Reached skill level 5 in Stealth
  4910 | D:5      | Reached skill level 1 in Invocations
  5258 | D:5      | Killed Pikel
  5258 | D:5      | Reached * piety under Okawaru
  5258 | D:5      | Reached ** piety under Okawaru
  5259 | D:5      | Reached skill level 9 in Slings
  5259 | D:5      | Reached XP level 9. HP: 58/71 MP: 10/10
  5614 | D:6      | Noticed Prince Ribbit
  5622 | D:6      | Killed Prince Ribbit
  5710 | D:6      | Reached skill level 10 in Slings
  5809 | D:6      | Found an opulent altar of Gozag.
  6274 | D:7      | Identified a scroll of acquirement
  6274 | D:7      | Acquired a +2 pair of gloves of strength
  6285 | D:7      | Reached *** piety under Okawaru
  6286 | D:7      | Reached XP level 10. HP: 34/79 MP: 12/12
  6345 | D:7      | Found Motoonla's General Store.
  6347 | D:7      | Found a flagged portal.
  6352 | Bailey   | Entered a bailey
  6363 | Bailey   | HP: 3/79 [orc warrior/+0 halberd (19)]
  6365 | Bailey   | Mangled by an orc warrior

Illustrated notes

Levels and vault maps discovered:
D:1:      wander_arrival_estate, layout_loops_corners
D:2:      layout_rooms, uniq_robin, uniq_crazy_yiuf_cottage
D:3:      layout_rooms, nzn_hepliaklqana_mist_gate, uniq_grinder, uniq_sigmund
D:4:      layout_basic, ebering_ghost_gozag, grunt_dithmenos_smoke
D:5:      layout_cave_pools, minmay_temple_entry_ruins, serial_column_ruins,
          column_ruins_open_small, column_ruins_columns_straight,
          column_ruins_open_tiny, uniq_pikel
D:6:      layout_basic, lemuel_altar_in_water, uniq_prince_ribbit1
D:7:      layout_cave_pools, enter_bailey_3, serial_shops,
          nicolae_shop_waterfront
Temple:   kilobyte_greek_temple
Bailey:   bailey_polearm_4, bailey

Skill      XL: |  1  2  3  4  5  6  7  8  9 |
---------------+----------------------------+-----
Slings         | 5 6 7 9 10 | 10.5
Stealth        | 2 3 4 5 6 |  6.7
Fighting       | 3 4 6 7 |  7.3
Armour         | 1 2 3 |  3.0
Dodging        | 2 |  2.4
Invocations    | 2 3 |  3.2
Short Blades   | |  0.4
Staves         | |  0.8

Action                   |  1- 3 |  4- 6 |  7- 9 | 10-12 || total
-------------------------+-------+-------+-------+-------++-------
Melee: Short sword       |    50 |    10 |       |       ||    60
       Quarterstaff      |       |    13 |     4 |       ||    17
       Hand axe          |       |       |    10 |    12 ||    22
 Fire: Hunting sling     |    44 |   122 |   379 |     6 ||   551
Evoke: Wand              |       |       |     2 |     1 ||     3
  Use: Potion            |       |     2 |     1 |     3 ||     6
       Scroll            |       |       |    14 |       ||    14
 Stab: Petrifying        |       |     2 |       |       ||     2
Armor: Leather armour    |     4 |       |       |       ||     4
       Ring mail         |    23 |    26 |    50 |       ||    99
       Chain mail        |       |       |    30 |    12 ||    42
       Skin              |       |       |       |     1 ||     1
Dodge: Dodged            |    54 |    58 |    79 |     7 ||   198
Block: Other             |       |       |    12 |     8 ||    20
       Reflection        |       |       |     3 |     1 ||     4

Table legend: (Time is in decaauts)
 A = Elapsed time spent in this place.
 B = Non-inter-level travel time spent in this place.
 C = Inter-level travel time spent in this place.
 D = Time resting spent in this place.
 E = Time spent auto-exploring this place.
 F = Levels seen in this place.
 G = Mean time per level.
                   A        B        C        D        E       F      G
               +--------+--------+--------+--------+--------+-----+--------+
         Total |   6272 |   5938 |    334 |   1039 |   3785 |   9 |  696.9 |
       Dungeon |   6131 |   5827 |    304 |   1039 |   3687 |   7 |  875.9 |
        Temple |    131 |    101 |     30 |      0 |     98 |   1 |  131.0 |
        Bailey |      9 |      9 |      0 |      0 |      0 |   1 |    9.0 |
               +--------+--------+--------+--------+--------+-----+--------+

Top non-repeatable levels by time:
     D:5: 1214 daAuts
     D:1: 1191 daAuts
     D:4: 1156 daAuts
     D:2: 938 daAuts
     D:3: 850 daAuts
     D:6: 598 daAuts
     D:7: 180 daAuts
  Temple: 131 daAuts
  Bailey: 9 daAuts
